 Dungeon Crawl Stone Soup version 0.22-a0-419-g492bfec (webtiles) character file.

520 galech the Skirmisher (level 7, -1/60 HPs)
             Began as a Gnoll Wanderer on May 15, 2018.
             Was an Initiate of Okawaru.
             Slain by a hobgoblin (2 damage)
             ... on level 5 of the Dungeon.
             The game lasted 00:10:34 (4102 turns).

galech the Skirmisher (Gnoll Wanderer)              Turns: 4102, Time: 00:10:35

Health: -1/60      AC:  4    Str: 15    XL:     7   Next: 21%
Magic:  8/12       EV: 14    Int: 16    God:    Okawaru [......]
Gold:   97         SH:  0    Dex: 19    Spells: 6/13 levels left

rFire    + . .     SeeInvis .   e - +3 dagger (speed)
rCold    . . .     Gourm    .   (no shield)
rNeg     . . .     Faith    .   i - +1 leather armour {rF+}
rPois    .         Spirit   .   (no helmet)
rElec    .         Reflect  .   (no cloak)
rCorr    .         Harm     .   (no gloves)
MR       .....                  (no boots)
Stlth    ++........             (no amulet)
HPRegen  0.20/turn              b - +2 ring of strength
MPRegen  0.13/turn              p - +3 ring of dexterity

@: very slightly contaminated
A: distributed training, fangs 1, strong nose
a: Renounce Religion


You were on level 5 of the Dungeon.
You worshipped Okawaru.
Okawaru was noncommittal.
You were not hungry.

You visited 1 branch of the dungeon, and saw 5 of its levels.

You collected 97 gold pieces.

Inventory:

Hand Weapons
 c - a +0 falchion
 e - a +3 dagger of speed (weapon)
 s - a +0 flail of holy wrath
 v - a +3 dagger of flaming
Armour
 d - a +0 robe
 i - a +1 leather armour of fire resistance (worn)
Jewellery
 b - a +2 ring of strength (left hand)
 p - a +3 ring of dexterity (right hand)
 u - an uncursed ring of magical power
 w - an uncursed ring of flight
Wands
 h - a wand of random effects (33)
Scrolls
 a - a scroll of fear {unknown}
 j - 2 scrolls of teleportation {unknown}
 m - 2 scrolls of identify {unknown}
 n - a scroll of amnesia {unknown}
 o - 2 scrolls of remove curse {unknown}
 r - a scroll of fog {unknown}
Potions
 g - 3 potions of ambrosia {unknown}
 k - a potion of magic {unknown}
 l - 5 potions of haste {unknown}
 q - a potion of heal wounds {unknown}
 t - 2 potions of degeneration {unknown}
 x - a potion of brilliance {unknown}
 z - a potion of agility {unknown}
Comestibles
 f - 10 rations
 A - 5 chunks of flesh


   Skills:
 + Level 7.0 Fighting
 + Level 2.3 Short Blades
 + Level 3.5 Long Blades
 + Level 2.3 Axes
 + Level 2.3 Maces & Flails
 + Level 2.3 Polearms
 + Level 2.3 Staves
 + Level 2.3 Slings
 + Level 2.3 Bows
 + Level 2.3 Crossbows
 + Level 2.3 Throwing
 + Level 2.3 Armour
 + Level 3.5 Dodging
 + Level 3.3 Stealth
 + Level 2.3 Shields
 + Level 2.3 Unarmed Combat
 + Level 3.6 Spellcasting
 + Level 1.8 Conjurations
 + Level 1.8 Hexes
 + Level 2.8 Charms
 + Level 1.8 Summonings
 + Level 1.8 Necromancy
 + Level 1.8 Translocations
 + Level 1.8 Transmutations
 + Level 1.8 Fire Magic
 + Level 1.8 Ice Magic
 + Level 1.8 Air Magic
 + Level 2.8 Earth Magic
 + Level 1.8 Poison Magic
 + Level 2.5 Invocations
 + Level 3.5 Evocations


You had 6 spell levels left.
You knew the following spells:

 Your Spells              Type           Power        Failure   Level  Hunger
a - Infusion              Chrm           ##..         7%          1    None
b - Regeneration          Chrm/Necr      ##........   24%         3    ###....
c - Spectral Weapon       Hex/Chrm       ##......     24%         3    ###....

Your spell library contained the following spells:

 Spells                   Type           Power        Failure   Level  Hunger
 Throw Frost              Conj/Ice       #.....       16%         2    ##.....
 Shroud of Golubria       Chrm/Tloc      ##........   12%         2    ##.....
 Song of Slaying          Chrm           ##......     10%         2    ##.....
 Searing Ray              Conj           #.....       16%         2    ##.....


Dungeon Overview and Level Annotations

Branches:
Dungeon (5/15)             Temple (0/1) D:4

Altars:
Cheibriados
Okawaru
Trog
Yredelemnul


Innate Abilities, Weirdness & Mutations

Your experience applies equally to all skills.
You have very sharp teeth.
Your uncanny sense of smell can sniff out nearby items.


Message History

Okawaru accepts your kill.
The hobgoblin shoots a sling bullet.
The sling bullet hits your spectral weapon!
Your spectral weapon shares its damage with you!
Your spectral weapon fades away.
* * * LOW HITPOINT WARNING * * *
The hobgoblin unwields an uncursed hunting sling.
The hobgoblin barely misses you.
Items here: ( )) † 2 sling bullets; a club x2; a goblin corpse You hit the hobgoblin but do no damage.
You hit the hobgoblin. Your bite misses the hobgoblin.
The hobgoblin is lightly wounded.
The hobgoblin closely misses you.
You closely miss the hobgoblin.
The hobgoblin is lightly wounded.
You barely miss the hobgoblin.
The hobgoblin is lightly wounded.
The hobgoblin hits you.
You die...

#.#.#....#.##.#..####.. . #
#. ..................# # #.#.
#....####.#..##### #
###.#.###....####.#..########
.............((...((.........
.............)(..............
............()(((............
.......)....()...............
≈≈≈≈≈≈≈....)@†≈≈≈≈≈≈≈≈≈≈≈≈≈≈≈
≈≈≈≈≈≈≈.....g≈≈≈≈≈≈≈≈≈≈≈≈≈≈≈≈
≈≈≈≈≈≈≈......≈≈≈≈≈≈≈≈≈≈≈≈≈≈≈≈
#########''##################
#.... #....#∆ #.?..# ......
+......


You could see a hobgoblin.

Vanquished Creatures
  Menkaure (D:4)
  A scorpion (D:4)
  An orc priest (D:3)
  An orc wizard (D:4)
  An iguana (D:5)
  Natasha (thrice) (D:2)
  A worker ant (D:4)
  7 adders
  3 oozes
  An adder skeleton (D:5)
  5 worms
  A dart slug (D:3)
  2 leopard geckos
  7 orcs
  10 bats
  3 giant cockroaches
  13 goblins
  6 hobgoblins
  A ball python (D:1)
  A ball python zombie (D:5)
  8 frilled lizards
  5 kobolds
  12 rats
94 creatures vanquished.

Vanquished Creatures (others)
  A spectral weapon (D:5)
1 creature vanquished.

Grand Total: 95 creatures vanquished

Notes
Turn   | Place    | Note
-------+----------+-------------------------------------------
     0 | D:1      | galech the Gnoll Wanderer began the quest for the Orb.
     0 | D:1      | galech set off with: a +0 falchion, a +0 robe, a ration
     0 | D:1      | Reached XP level 1. HP: 23/23 MP: 4/4
     2 | D:1      | Learned a level 1 spell: Infusion
   369 | D:1      | Reached XP level 2. HP: 29/29 MP: 5/5
   811 | D:2      | Found a snail-covered altar of Cheibriados.
   842 | D:2      | Reached XP level 3. HP: 18/35 MP: 7/7
   872 | D:2      | Noticed Natasha
   883 | D:2      | Killed Natasha
   883 | D:2      | Reached skill level 1 in Short Blades
   883 | D:2      | Reached skill level 1 in Axes
   883 | D:2      | Reached skill level 1 in Maces & Flails
   883 | D:2      | Reached skill level 1 in Polearms
   883 | D:2      | Reached skill level 1 in Staves
   883 | D:2      | Reached skill level 1 in Slings
   883 | D:2      | Reached skill level 1 in Bows
   883 | D:2      | Reached skill level 1 in Crossbows
   883 | D:2      | Reached skill level 1 in Throwing
   883 | D:2      | Reached skill level 1 in Armour
   883 | D:2      | Reached skill level 1 in Shields
   883 | D:2      | Reached skill level 1 in Unarmed Combat
   883 | D:2      | Reached skill level 1 in Invocations
   883 | D:2      | Reached XP level 4. HP: 13/41 MP: 8/8
   936 | D:2      | Noticed Natasha
   974 | D:2      | Killed Natasha
  1083 | D:2      | Noticed Natasha
  1095 | D:2      | Killed Natasha
  1095 | D:2      | Reached skill level 1 in Conjurations
  1095 | D:2      | Reached skill level 1 in Hexes
  1095 | D:2      | Reached skill level 1 in Summonings
  1095 | D:2      | Reached skill level 1 in Necromancy
  1095 | D:2      | Reached skill level 1 in Translocations
  1095 | D:2      | Reached skill level 1 in Transmutations
  1095 | D:2      | Reached skill level 1 in Fire Magic
  1095 | D:2      | Reached skill level 1 in Ice Magic
  1095 | D:2      | Reached skill level 1 in Air Magic
  1095 | D:2      | Reached skill level 1 in Poison Magic
  1193 | D:2      | Reached XP level 5. HP: 17/47 MP: 9/9
  1820 | D:2      | Learned a level 3 spell: Regeneration
  2341 | D:3      | Reached XP level 6. HP: 50/53 MP: 10/10
  2777 | D:4      | Learned a level 3 spell: Spectral Weapon
  2796 | D:4      | Found a bloodstained altar of Trog.
  2823 | D:4      | Noticed Menkaure
  2842 | D:4      | Killed Menkaure
  3004 | D:4      | Found an iron altar of Okawaru.
  3013 | D:4      | Became a worshipper of Warmaster Okawaru
  3100 | D:4      | Found a staircase to the Ecumenical Temple.
  3394 | D:4      | Found a basalt altar of Yredelemnul.
  3411 | D:4      | Reached XP level 7. HP: 36/59 MP: 12/12
  3945 | D:5      | Entered Level 5 of the Dungeon
  4092 | D:5      | Reached skill level 7 in Fighting
  4095 | D:5      | HP: 3/60 [goblin (1)]
  4097 | D:5      | HP: 1/60 [hobgoblin/hunting sling (2)]
  4102 | D:5      | Slain by a hobgoblin

Vault maps used:
D:1:      minmay_arrival_four_houses
D:2:      cheibriados_altar_1, first_ration, grunt_decor_cap, uniq_natasha
D:3:      kennysheep_generic_room_13
D:4:      lemuel_upstairs_altar, bloody_trog, yredelemnul_altar_generic,
          minmay_temple_entry_enclosed_plants, okawaru_trees_2, uniq_robin,
          uniq_menkaure
D:5:      minmay_goblin_kobold_castle, uniq_duvessa

Skill      XL: |  1  2  3  4  5  6  7 |
---------------+----------------------+-----
Charms         | 2 |  2.8
Earth Magic    | 2 |  2.8
Short Blades   | 1 2 |  2.3
Axes           | 1 2 |  2.3
Maces & Flails | 1 2 |  2.3
Polearms       | 1 2 |  2.3
Staves         | 1 2 |  2.3
Slings         | 1 2 |  2.3
Bows           | 1 2 |  2.3
Crossbows      | 1 2 |  2.3
Throwing       | 1 2 |  2.3
Armour         | 1 2 |  2.3
Shields        | 1 2 |  2.3
Unarmed Combat | 1 2 |  2.3
Invocations    | 1 2 |  2.5
Spellcasting   | 3 |  3.6
Conjurations   | 1 |  1.8
Hexes          | 1 |  1.8
Summonings     | 1 |  1.8
Necromancy     | 1 |  1.8
Translocations | 1 |  1.8
Transmutations | 1 |  1.8
Fire Magic     | 1 |  1.8
Ice Magic      | 1 |  1.8
Air Magic      | 1 |  1.8
Poison Magic   | 1 |  1.8
Long Blades    | 3 |  3.5
Dodging        | 3 |  3.5
Evocations     | 3 |  3.5
Stealth        | 3 |  3.3
Fighting       | 7 |  7.0

Action                   |  1- 3 |  4- 6 |  7- 9 || total
-------------------------+-------+-------+-------++-------
Melee: Falchion          |    21 |       |       ||    21
       Bite              |     5 |    35 |     7 ||    47
       Dagger            |    54 |   264 |    49 ||   367
       Punch             |       |     3 |     1 ||     4
 Cast: Infusion          |     1 |       |       ||     1
       Spectral Weapon   |       |       |     1 ||     1
 Stab: Sleeping          |     2 |     5 |       ||     7
  Eat: Chunk             |       |     8 |     2 ||    10
Armor: Robe              |     7 |       |       ||     7
       Leather armour    |     4 |    35 |     6 ||    45
Dodge: Dodged            |    38 |   120 |    39 ||   197
       Rpst.: Falchion   |     1 |       |       ||     1

Table legend:
 A = Spawn XP
 B = Non-spawn XP
 C = Spawn XP percentage of total XP
 D = Spawn monster count
 E = Non-spawn monster count
 F = Spawn count percentage of total count
 G = Total turns spent on level
                    A         B        C        D         E        F      G
               +---------+---------+-------+---------+---------+-------+---------
         Total |       0 |     744 |   0.0 |       0 |      94 |   0.0 |  4102
               +---------+---------+-------+---------+---------+-------+---------
           D:1 |       0 |      25 |   0.0 |       0 |      18 |   0.0 |   758
           D:2 |       0 |     188 |   0.0 |       0 |      23 |   0.0 |  1376
           D:3 |       0 |     161 |   0.0 |       0 |      35 |   0.0 |   638
           D:4 |       0 |     313 |   0.0 |       0 |       7 |   0.0 |  1173
           D:5 |       0 |      57 |   0.0 |       0 |      11 |   0.0 |   157
               +---------+---------+-------+---------+---------+-------+---------
